 Dungeon Crawl Stone Soup version 0.29.1-14-g9c671dbff4 (webtiles) character file.

Game seed: 13700114980248846474

64 Eitelfritz the Slasher (level 3, -7/30 HPs)
             Began as a Minotaur Gladiator on Feb 17, 2023.
             Mangled by a gnoll
             ... wielding a +0 halberd
              (10 damage)
             ... on level 3 of the Dungeon.
             The game lasted 00:02:37 (2021 turns).

Eitelfritz the Slasher (Minotaur Gladiator)         Turns: 2021, Time: 00:02:38

Health: -7/30      AC:  5    Str: 18    XL:     3   Next: 91%
Magic:  0/2        EV: 12    Int:  7    God:
Gold:   126        SH:  0    Dex: 11    Spells: 2/2 levels left

rFire   . . .      SeeInvis .   a - +0 long sword
rCold   . . .      Faith    .   (no shield)
rNeg    . . .      Spirit   +   u - +0 ring mail
rPois   .          Reflect  .   c - +0 hat
rElec   .          Harm     .   (no cloak)
rCorr   .          Rampage  .   (no gloves)
Will    .....                   (no boots)
Stlth   +.........              p - amulet of guardian spirit
HPRegen 0.10/turn               (no ring)
MPRegen 0.08/turn               (no ring)

@: no status effects
A: horns 2, retaliatory headbutt
a: no special abilities


You were on level 3 of the Dungeon.
You visited 1 branch of the dungeon, and saw 3 of its levels.

You collected 126 gold pieces.

Inventory:

Hand Weapons
 a - a +0 long sword (weapon)
Missiles
 d - 3 throwing nets (quivered)
 e - a javelin
Armour
 c - a +0 hat (worn)
 i - a +0 plate armour
 r - a +0 chain mail
 u - a +0 ring mail (worn)
Jewellery
 p - an amulet of guardian spirit (around neck)
Scrolls
 f - a scroll of acquirement {unknown}
 g - a scroll of silence {unknown}
 h - a scroll of poison {unknown}
 j - a scroll of enchant armour {unknown}
 m - a scroll of teleportation {unknown}
 n - 2 scrolls of fog {unknown}
 o - a scroll of vulnerability {unknown}
 q - a scroll of identify {unknown}
 s - a scroll of blinking {unknown}
Potions
 k - 2 potions of attraction {unknown}
 l - a potion of curing {unknown}
 t - a potion of ambrosia {unknown}


   Skills:
 + Level 2.8 Fighting
 + Level 4.3 Long Blades
 + Level 2.2 Throwing
 + Level 1.3 Armour
 + Level 4.1 Dodging
 + Level 0.2 Stealth


You had 2 spell levels left.
You didn't know any spells.
Your spell library contained the following spells:

 Spells                   Type           Power      Damage    Failure   Level
 Beastly Appendage        Tmut           0%         N/A       63%         1
 Necrotise                Necr           0%         1d4       63%         1
 Wereblood                Tmut           0%         N/A       77%         2
 Gell's Gravitas          Tloc           0%         N/A       94%         3
 Spider Form              Tmut/Pois      0%         N/A       94%         3
 Teleport Other           Tloc           0%         N/A       94%         3
 Vampiric Draining        Necr           0%         2d6       94%         3
 Agony                    Necr           0%         N/A       100%        5
 Dispersal                Tloc           0%         N/A       100%        6


Dungeon Overview and Level Annotations

Branches:
Dungeon (3/15)

Altars:


Innate Abilities, Weirdness & Mutations

You have a pair of horns on your head.
You reflexively headbutt those who attack you in melee.


Message History

a +0 club; a stone You barely miss the quokka.
You headbutt the quokka, but do no damage.
The quokka barely misses you. You furiously retaliate!
You headbutt the quokka. The quokka misses you. You furiously retaliate!
You headbutt the quokka, but do no damage.
You hit the quokka but do no damage. You headbutt the quokka.
You kill the quokka!
Things that are here:
a +0 club; a stone You pick up a book of Necromancy and begin reading...
You add the spells Necrotise, Vampiric Draining and Agony to your library.
You now have 97 gold pieces (gained 10).
Found a stone staircase leading down.
You now have 109 gold pieces (gained 12).
You open the door.
A dart slug comes into view.
Found 17 gold pieces.
The dart slug launches a dart at you. The slug dart misses you.
There is an open door here.
You hit the dart slug. You headbutt the dart slug.
You kill the dart slug!
You see here a dart slug corpse.
You now have 126 gold pieces (gained 17).
You open the door. 4 gnolls come into view.
The gnoll shouts! x2
The gnoll hits you from afar with a +0 halberd!
The gnoll moves out of view.
There are monsters nearby!
Unknown command.
The gnoll hits you with a +0 halberd! The gnoll misses you.
There is an open door here.
You closely miss the gnoll. The gnoll hits you with a +0 whip.
* * * LOW HITPOINT WARNING * * *
The gnoll barely misses you. The gnoll hits you with a +0 spear.
* * * LOW HITPOINT WARNING * * *
The gnoll attacks as you move away! The gnoll hits you with a +0 halberd!
You die...

# . ##. ##..
.##..######...
............#..
.#............. .
.........gggg...... .
....# ##@## #.#.#..
##8.8## ###.#...#
##.....##
.........##8.....8##
........##.........##
#.......#8.........8#
.#.#.#...
........'.†.........+
....#..
#.#.....#8.........8#
#.#.#.##
#.#.....##.........##.
....#...


You could see 4 gnolls.

Vanquished Creatures
  2 adders
  2 dart slugs
  5 ball pythons
  3 bats (D:1)
  3 endoplasms (D:2)
  A giant cockroach (D:1)
  3 hobgoblins (D:1)
  4 kobolds
  3 quokkas
  5 frilled lizards
  5 goblins
  5 rats
41 creatures vanquished.

Notes
Turn   | Place    | Note
-------+----------+-------------------------------------------
     0 | D:1      | Eitelfritz the Minotaur Gladiator began the quest for the
                  | Orb.
     0 | D:1      | Reached XP level 1. HP: 18/18 MP: 0/0
   340 | D:1      | Reached XP level 2. HP: 25/25 MP: 1/1
   996 | D:2      | Found a faded altar of an unknown god.
  1048 | D:2      | Reached XP level 3. HP: 22/30 MP: 2/2
  1794 | D:3      | Reached skill level 1 in Armour
  2021 | D:3      | Mangled by a gnoll

Illustrated notes

Levels and vault maps discovered:
D:1:      eino_arrival_cavern_e, layout_basic
D:2:      layout_loops_ring, ebering_ecumenical_altar_box
D:3:      minmay_skewed_foursquare, layout_basic, dk_noncrumbling_4,
          minmay_misc_feat_chi, minmay_bisected, uniq_terence

Skill      XL: |  1  2  3 |
---------------+----------+-----
Long Blades    | 4 |  4.3
Dodging        | 4 |  4.1
Armour         | 1 |  1.3
Fighting       | |  2.8
Throwing       | |  2.2
Stealth        | |  0.2

Action                   || total
-------------------------++-------
Melee: Long sword        ||    78
       Headbutt          ||    11
 Stab: Sleeping          ||     3
Armor: Leather armour    ||    10
       Ring mail         ||     6
Dodge: Dodged            ||    64
